Map: Lightshade LE

Players

Vanya - Winner!

  • Race: Zerg Zerg

Elazer

  • Race: Zerg Zerg

Event: DreamHack SC2 Masters 2021 Fall

VOD

Have the link to the VOD?

Description

Time

  • Played on: Aug. 4, 2021, 11:29 a.m.
  • Length: 7:48

All games in this series

Show
View Real Time Build Order
Export as new Build Order

Vanya Zerg - Winner!

Build Orders: Pool First 

Get SALT Encoding   

  12  0:16  Spawning Pool  
  11  0:21  Drone  
  11  0:26  Drone  
  13  0:30  Drone  
  14  0:38  Overlord  
  14  1:03  Zergling x4  
  16  1:04  Zergling x2  
  17  1:15  Zergling x2  
  17  1:16  Hatchery  
  17  1:26  Zergling x2  
  17  1:31  Queen  
  20  1:37  Drone  
  21  1:47  Overlord  
  21  1:59  Drone  
  22  2:04  Extractor  
  21  2:09  Queen  
  21  2:11  Drone  
  24  2:21  Drone  
  25  2:28  Drone  
  24  2:32  Drone  
  24  2:37  Queen  
  25  2:40  Drone x3  
  30  2:44  Drone  
  30  2:46  Drone  
  30  2:56  Drone, Overlord  
  31  3:04  Drone  
  31  3:05  Drone  
  33  3:17  Drone  
  33  3:18  Drone x4  
  38  3:24  Evolution Chamber  
  36  3:27  Drone  
  36  3:28  Drone  
  36  3:31  Metabolic Boost  
  38  3:38  Roach Warren  
  38  3:40  Drone x2  
  39  3:46  Overlord  
  39  3:53  Zerg Melee Weapons Level 1  
  39  3:56  Evolution Chamber  
  39  4:01  Overlord  
  39  4:04  Drone x4  
  43  4:16  Zergling x2  
  44  4:17  Overlord  
  44  4:20  Hatchery  
  44  4:23  Zergling x8  
  47  4:29  Lair, Extractor  
  47  4:30  Drone  
  47  4:33  Drone x2  
  47  4:38  Zergling x6  
  52  4:43  Zergling x2  
  53  4:49  Overlord  
  51  4:54  Zergling x6  
  51  4:56  Queen  
  51  4:58  Zergling x6  
  59  5:00  Zergling x2  
  59  5:04  Overlord  
  60  5:11  Zergling x2  
  61  5:15  Zergling x2  
  61  5:20  Zergling x2, Extractor  
  62  5:26  Zergling x2  
  62  5:27  Zergling x6  
  66  5:29  Spire  
  66  5:31  Extractor, Zergling x2  
  66  5:32  Zergling x4  
  67  5:38  Zergling x6  
  69  5:45  Zergling x2  
  69  5:46  Zergling x2  
  71  5:52  Overlord  
  71  5:55  Zergling x10  
  76  6:01  Zergling x8  
  80  6:07  Overlord  
  80  6:13  Zergling x8  
  76  6:41  Mutalisk x6  
  76  6:46  Evolution Chamber  
  87  6:47  Mutalisk  
  85  7:00  Mutalisk x2  
  62  7:09  Mutalisk  
  61  7:16  Drone x3  
  45  7:35  Drone x2  
Show
View Real Time Build Order
Export as new Build Order

Elazer Zerg 

Build Orders: Hatch First 

Get SALT Encoding   

  12  0:00  Drone  
  13  0:11  Overlord  
  13  0:16  Drone  
  14  0:30  Drone x2  
  16  0:46  Hatchery  
  15  0:50  Drone  
  15  0:53  Drone  
  15  0:57  Drone  
  18  1:07  Extractor  
  17  1:12  Spawning Pool  
  17  1:15  Drone  
  17  1:18  Drone  
  18  1:28  Drone  
  19  1:59  Zergling x6, Queen x2  
  19  2:00  Zergling x2  
  27  2:10  Zergling x2  
  26  2:21  Drone x2  
  24  2:30  Drone  
  24  2:36  Drone  
  26  2:43  Drone x2  
  28  2:48  Drone  
  28  2:52  Overlord  
  28  3:13  Drone x6  
  28  3:14  Drone  
  28  3:17  Metabolic Boost  
  35  3:31  Overlord  
  35  3:37  Hatchery  
  34  3:41  Drone x2  
  34  3:48  Overlord  
  36  3:50  Drone x4  
  36  3:53  Drone x2  
  42  3:57  Drone  
  42  4:02  Evolution Chamber  
  42  4:08  Overlord  
  42  4:10  Zergling x4  
  42  4:15  Zergling x6  
  42  4:16  Zergling x2  
  48  4:20  Queen  
  48  4:21  Extractor  
  48  4:23  Zergling x2  
  50  4:28  Zerg Missile Weapons Level 1  
  50  4:31  Roach Warren  
  50  4:34  Drone x3  
  50  4:36  Drone  
  53  4:40  Overlord  
  53  4:46  Zergling x8  
  54  4:55  Zergling x6  
  56  5:00  Overlord  
  56  5:01  Overlord  
  56  5:04  Overlord  
  56  5:12  Roach x4  
  64  5:20  Roach x2  
  68  5:26  Roach  
  68  5:27  Roach x2  
  74  5:30  Overlord  
  74  5:32  Roach x2  
  78  5:36  Roach  
  78  5:39  Overlord  
  80  5:43  Roach x2  
  80  5:48  Roach x2  
  88  5:50  Roach  
  88  5:55  Roach  
  88  5:56  Zergling x6  
  95  6:03  Zergling x8  
  99  6:07  Zergling x4  
  101  6:17  Zergling x12  
  105  6:24  Overlord  
  104  6:32  Overlord  
  103  6:46  Roach x5  
  111  6:55  Zergling x4  
  111  6:56  Zergling x14  
  95  7:12  Roach x5  
  75  7:28  Zergling x8  

Tags
 
Add a new tag
Caveats
  • Supply blocks, unpowered buildings, or Contaminate may cause inaccurate times.
  • Supply counts are checked every 10 seconds.